 Dungeon Crawl Stone Soup version 0.25-a0-474-ga8a2ee3166 (webtiles) character file.

Game seed: 15320491765873343661, levelgen mode: deterministic

64 kae the Firebug (level 4, -2/24 HPs)
             Began as a Tengu Fire Elementalist on Feb 7, 2020.
             Slain by a kobold
             ... wielding a +0 dagger
              (3 damage)
             ... on level 2 of the Dungeon.
             The game lasted 00:02:30 (1440 turns).

kae the Firebug (Tengu Fire Elementalist)           Turns: 1440, Time: 00:02:31

Health: -2/24      AC:  2    Str:  8    XL:     4   Next: 12%
Magic:  1/8        EV: 15    Int: 16    God:
Gold:   90         SH:  0    Dex: 15    Spells: 3/7 levels left

rFire    + . .     SeeInvis .   (no weapon)
rCold    + . .     Gourm    +   (no shield)
rNeg     . . .     Faith    .   a - +0 robe
rPois    .         Spirit   .   (helmet restricted)
rElec    .         Reflect  .   (no cloak)
rCorr    .         Harm     .   (no gloves)
MR       +....                  (boots unavailable)
Stlth    ++........             b - amulet of the gourmand
HPRegen  0.08/turn              g - ring of protection from fire
MPRegen  0.11/turn              (no ring)

@: no status effects
A: beak, talons 3, repulsion field 1, cold resistance 1, magic resistance 1,
MP-powered wands
a: no special abilities


You were on level 2 of the Dungeon.
You were not hungry.

You visited 1 branch of the dungeon, and saw 2 of its levels.

You collected 90 gold pieces.

Inventory:

Armour
 a - a +0 robe (worn)
Jewellery
 b - an amulet of the gourmand (around neck)
 g - a ring of protection from fire (left hand)
Scrolls
 e - 5 scrolls of identify
 i - 2 scrolls of remove curse
Comestibles
 c - 4 rations


   Skills:
 - Level 2.1 Dodging
 - Level 2.0 Stealth
 - Level 2.0 Spellcasting
 - Level 1.3 Conjurations
 + Level 5.3 Fire Magic


You had 3 spell levels left.
You knew the following spells:

 Your Spells              Type           Power        Failure   Level  Hunger
a - Foxfire               Conj/Fire      ##..         5%          1    #......
b - Conjure Flame         Conj/Fire      ##......     16%         3    ###....

Your spell library contained the following spells:

 Spells                   Type           Power        Failure   Level  Hunger
 Inner Flame              Hex/Fire       ##......     21%         3    ###....
 Sticky Flame             Conj/Fire      ##......     45%         4    #####..
 Fireball                 Conj/Fire      ##........   82%         5    ######.


Dungeon Overview and Level Annotations

Branches:
Dungeon (2/15)

Altars:


Innate Abilities, Weirdness & Mutations

You have a beak for a mouth.
You have claws for feet.
You are surrounded by a mild repulsion field. (EV +2)
Your flesh is cold resistant. (rC+)
You are resistant to hostile enchantments. (MR+)
You expend magic power (3 MP) to strengthen your wands.


Message History

You feel resistant to hostile enchantments.
The leopard gecko misses you. The leopard gecko closely misses you.
You hit the leopard gecko.
You kill the leopard gecko!
You aren't carrying any potions.
Unknown command.
Okay, then.
You closely miss the kobold. The kobold hits you with a +0 dagger.
* * * LOW HITPOINT WARNING * * *
A worm comes into view.
You closely miss the kobold. The kobold barely misses you.
Casting: Foxfire (safe; 5% risk of failure)
Confirm with . or Enter, or press ? or * to list all spells.
Nothing appears to happen.
The kobold hits you but does no damage. The kobold misses you.
Casting: Foxfire (safe; 5% risk of failure)
Confirm with . or Enter, or press ? or * to list all spells.
Nothing appears to happen.
The kobold misses you. The kobold hits you with a +0 dagger.
You die...

### ****** #@# *,,,,*
#K##*#####**** *,,,,*
#gg#......,,,* *,,,,*
#...%.l..g,,,*
*,,,,**#..#......,,,*
*,,,,,.......####*******
*,,,...#>......,,......##
****,...#.#........,........
*,,,,.#,#,...##.#####.......


You could see 2 goblins and a kobold.

Vanquished Creatures
  An adder (D:2)
  2 oozes
  A dart slug (D:1)
  2 leopard geckos
  A giant cockroach (D:2)
  6 goblins
  5 hobgoblins
  3 jackals (D:1)
  A quokka (D:2)
  9 bats
  A frilled lizard (D:1)
  6 kobolds
  5 rats
43 creatures vanquished.

Vanquished Creatures (others)
  96 foxfires
96 creatures vanquished.

Grand Total: 139 creatures vanquished

Notes
Turn   | Place    | Note
-------+----------+-------------------------------------------
     0 | D:1      | kae the Tengu Fire Elementalist began the quest for the
                  | Orb.
     0 | D:1      | Reached XP level 1. HP: 10/10 MP: 4/4
   118 | D:1      | Reached XP level 2. HP: 6/15 MP: 1/6
   292 | D:1      | Reached skill level 4 in Fire Magic
   604 | D:1      | Reached XP level 3. HP: 16/19 MP: 5/7
  1151 | D:2      | Reached skill level 5 in Fire Magic
  1371 | D:2      | Learned a level 3 spell: Conjure Flame
  1412 | D:2      | Reached XP level 4. HP: 10/24 MP: 0/8
  1433 | D:2      | Gained mutation: Your flesh is cold resistant. (rC+)
                  | [potion of mutation]
  1433 | D:2      | Gained mutation: You expend magic power (3 MP) to
                  | strengthen your wands. [potion of mutation]
  1433 | D:2      | Gained mutation: You are surrounded by a mild repulsion
                  | field. (EV +2) [potion of mutation]
  1433 | D:2      | Gained mutation: You are resistant to hostile enchantments.
                  | (MR+) [potion of mutation]
  1435 | D:2      | HP: 1/24 [kobold/+0 dagger (3)]
  1440 | D:2      | Slain by a kobold

Levels and vault maps discovered:
D:1:      dpeg_arrival_subterranean_lakeside_camping, layout_basic
D:2:      layout_basic, serial_bayou_lagoon_a

Skill      XL: |  1  2  3 |
---------------+----------+-----
Fire Magic     | 4 5 |  5.3
Dodging        | |  2.1
Stealth        | |  2.0
Spellcasting   | |  2.0
Conjurations   | |  1.3

Action                   |  1- 3 |  4- 6 || total
-------------------------+-------+-------++-------
Melee: Unarmed           |    25 |    11 ||    36
       Kick              |     5 |     2 ||     7
       Peck              |     4 |       ||     4
 Cast: Foxfire           |    58 |     3 ||    61
  Use: Scroll            |     5 |     1 ||     6
       Potion            |       |     1 ||     1
  Eat: Chunk             |     8 |       ||     8
Armor: Robe              |     8 |     1 ||     9
Dodge: Dodged            |    38 |    16 ||    54

Table legend:
 A = Non-vault XP
 B = Vault XP
 C = Vault XP percentage of total XP
 D = Non-vault monster count
 E = Vault monster count
 F = Vault count percentage of total count
                 A         B        C        D         E       F
            +---------+---------+-------+---------+---------+-------
      Total |      84 |       8 |   8.7 |      37 |       6 |  14.0
            +---------+---------+-------+---------+---------+-------
        D:1 |      47 |       8 |  14.5 |      24 |       6 |  20.0
        D:2 |      37 |       0 |   0.0 |      13 |       0 |   0.0
            +---------+---------+-------+---------+---------+-------
